 Dungeon Crawl Stone Soup version 0.31-a0-408-gb642c7f9a3 (webtiles) character file.

Game seed: 4815900091187255513

99 LeprechaunX the Ruffian (level 4, -9/29 HPs)
             Began as an Octopode Shapeshifter on July 30, 2023.
             Mangled by a black bear (10 damage)
             ... on level 3 of the Dungeon.
             The game lasted 00:02:16 (1582 turns).

LeprechaunX the Ruffian (Octopode Shapeshifter)     Turns: 1582, Time: 00:02:17

Health: -9/29      AC:  1    Str: 16    XL:     4   Next: 72%
Magic:  4/4        EV: 13    Int: 10    God:
Gold:   205        SH:  0    Dex: 12    Spells: 3/3 levels left

rFire   . .          .
                       - Unarmed
rCold   . . .        (no shield)
rNeg    . . .        (helmet currently unavailable)
rPois   .            (no amulet)
rElec   .            (no ring)
rCorr   .            (no ring)
SInv    .            (no ring)
Will    .....        (no ring)
Stlth   ++           (no ring)
HPRegen 0.24/turn    (no ring)
MPRegen 0.09/turn    (no ring)
                     (no ring)

%: no passive effects
@: beast-form
A: beast (slay +2), almost no armour, amphibious, 8 rings, camouflage 1,
gelatinous body 1, (nimble swimmer 1), tentacles
a: Begin Untransformation


You were on level 3 of the Dungeon.
You were a hulking beast.
You visited 1 branch of the dungeon, and saw 3 of its levels.

You collected 205 gold pieces.

Inventory:

Missiles
 n - 2 throwing nets
Armour
 m - a +0 buckler
Talismans
 b - a beast talisman
Scrolls
 d - a scroll of fog {unknown}
 e - a scroll of amnesia {unknown}
 g - 2 scrolls of identify {unknown}
 i - 2 scrolls of teleportation {unknown}
 k - a scroll of poison {unknown}
Potions
 a - a potion of lignification
 c - 2 potions of haste {unknown}
 f - a potion of might {unknown}
 h - a potion of heal wounds {unknown}
 j - a potion of curing {unknown}
 l - a potion of ambrosia {unknown}


   Skills:
 + Level 2.2 Fighting
 + Level 2.9 Dodging
 + Level 3.7 Unarmed Combat
 + Level 3.4 Shapeshifting


You had 3 spell levels left.
You didn't know any spells.
Your spell library contained the following spells:

 Spells                   Type           Power      Damage    Failure   Level
 Summon Forest            Summ/Tloc      0%         N/A       100%        5
 Summon Mana Viper        Hex/Summ       0%         N/A       100%        5
 Summon Cactus Giant      Summ           0%         N/A       100%        6


Dungeon Overview and Level Annotations

Branches:
Dungeon (3/15)

Altars:


Innate Abilities, Weirdness & Mutations

You are a hulking beast.
Your limbs bulge with bestial killing power. (Slay +2)
You cannot wear most types of armour.
You are amphibious.
You can wear up to eight rings at the same time.
Your skin changes colour to match your surroundings (Stealth+).
Your rubbery body absorbs attacks. (AC +1, EV +1)
((You are camouflaged when in or above water. (Stealth+)))
You have tentacles for arms and can constrict up to eight enemies at once.


Message History

You are no longer poisoned.
Unknown command.
You start resting.
HP restored.
Things that are here:
a +0 dagger of venom; a kobold corpse
Found 3 stones.
Found a stone staircase leading up.
An endoplasm comes into view.
An endoplasm is nearby!
An endoplasm is nearby!
A black bear comes into view.
You tentacle-slap the endoplasm but do no damage.
You squeeze the endoplasm.
You kill the endoplasm!
The black bear bites you. The black bear closely misses you.
The black bear misses you.
You tentacle-slap the black bear but do no damage.
You grab the black bear. Your squeeze misses the black bear.
You constrict the black bear. You bludgeon the black bear!
The black bear is moderately wounded.
You constrict the black bear. The black bear closely misses you.
The black bear claws you. x2
You tentacle-slap the black bear.
You squeeze the black bear, but do no damage.
The black bear is heavily wounded.
You constrict the black bear. The black bear closely misses you.
The black bear claws you. The black bear closely misses you.
You tentacle-slap the black bear. You squeeze the black bear.
The black bear is severely wounded.
You constrict the black bear.
The black bear goes berserk!
You tentacle-slap the black bear but do no damage.
The black bear is severely wounded.
You constrict the black bear. The black bear bites you!
* * * LOW HITPOINT WARNING * * *
The black bear claws you.
* * * LOW HITPOINT WARNING * * *
The black bear closely misses you. The black bear bites you!
You die...

#. .....# #.
#.....# .###.#
#.....# ......
#.....#
.......##.....# #.
#........#.....#
#.
#.......h#.....###
#.
#........h........
#.
#........#.....##
#.
#........#.....##
#.
#.................
#.#.
#.............####
#.#.
#........####....
....
#..!..............
#.#.
#.................
..#.
#####.............
....


You could see a black bear (berserk).

Vanquished Creatures
  Terence (D:2)
  2 adders (D:2)
  A worm (D:2)
  3 dart slugs
  An orc (D:3)
  4 endoplasms
  3 giant cockroaches
  6 goblins
  2 hobgoblins
  3 jackals (D:2)
  A quokka (D:1)
  4 ball pythons
  6 bats
  2 frilled lizards (D:1)
  2 kobolds
  3 rats
44 creatures vanquished.

Notes
Turn   | Place    | Note
-------+----------+-------------------------------------------
     0 | D:1      | LeprechaunX the Octopode Shapeshifter began the quest for
                  | the Orb.
     0 | D:1      | Reached XP level 1. HP: 13/13 MP: 1/1
     9 | D:1      | Noticed a bullfrog
   219 | D:1      | Reached XP level 2. HP: 18/18 MP: 2/2
   760 | D:2      | Reached XP level 3. HP: 9/24 MP: 3/3
   921 | D:2      | Noticed Terence
   932 | D:2      | Killed Terence
   933 | D:2      | Reached XP level 4. HP: 25/29 MP: 4/4
  1572 | D:3      | Noticed a black bear
  1582 | D:3      | HP: 1/29 [black bear (6)]
  1582 | D:3      | Mangled by a black bear

Illustrated notes

Levels and vault maps discovered:
D:1:      evilmike_arrival_come_back, layout_loops_ring, minmay_misc_feat_roman,
          minmay_vboxes
D:2:      layout_rooms, chequers_serial_rivers_small_a,
          minmay_gold_behind_fungi, uniq_terence
D:3:      layout_basic, chequers_garden, st_stairs_3

Skill      XL: |  1  2  3 |
---------------+----------+-----
Fighting       | 2 |  2.2
Dodging        | |  2.9
Unarmed Combat | |  3.7
Shapeshifting  | |  3.4

Action                     |  1- 3 |  4- 6 || total
---------------------------+-------+-------++-------
  Melee: Unarmed           |    58 |    34 ||    92
         Constrict         |    18 |     9 ||    27
         Tentacles         |    10 |     8 ||    18
         Punch             |     2 |       ||     2
   Stab: Sleeping          |     7 |     3 ||    10
 Armour: Skin              |     2 |     1 ||     3
  Dodge: Dodged            |    30 |    19 ||    49

Table legend: (Time is in decaauts)
 A = Elapsed time spent in this place.
 B = Non-inter-level travel time spent in this place.
 C = Inter-level travel time spent in this place.
 D = Time resting spent in this place.
 E = Time spent auto-exploring this place.
 F = Levels seen in this place.
 G = Mean time per level.
                   A        B        C        D        E       F      G
               +--------+--------+--------+--------+--------+-----+--------+
         Total |   1575 |   1525 |     50 |    180 |   1032 |   3 |  525.0 |
       Dungeon |   1575 |   1525 |     50 |    180 |   1032 |   3 |  525.0 |
               +--------+--------+--------+--------+--------+-----+--------+

Top non-repeatable levels by time:
     D:1: 709 daAuts
     D:2: 536 daAuts
     D:3: 329 daAuts
